 Dungeon Crawl Stone Soup version 0.23.1-37-gaa34b87b72 (webtiles) character file.

Game seed: 9526652218911113024

112 Elpenore the Sneak (level 4, -4/30 HPs)
             Began as an Octopode Assassin on Mar 26, 2019.
             Killed from afar by Terence (10 damage)
             ... with a wand of flame (16)
             ... on level 2 of the Dungeon.
             The game lasted 00:19:46 (2645 turns).

Elpenore the Sneak (Octopode Assassin)              Turns: 2645, Time: 00:19:47

Health: -4/30      AC:  1    Str: 10    XL:     4   Next: 93%
Magic:  4/4        EV: 13    Int: 13    God:
Gold:   75         SH:  0    Dex: 14    Spells: 3/3 levels left

rFire    . . .     SeeInvis .   a - +2 dagger
rCold    . . .     Gourm    .   (no shield)
rNeg     . . .     Faith    .   (helmet restricted)
rPois    .         Spirit   .   (no amulet)
rElec    .         Reflect  .   (no ring)
rCorr    .         Harm     .   (no ring)
MR       .....                  (no ring)
Stlth    ++++......             (no ring)
HPRegen  0.10/turn              (no ring)
MPRegen  0.09/turn              (no ring)
                                (no ring)
                                (no ring)

@: no status effects
A: almost no armour, stealthy swim, amphibious, 8 rings, constrict 8, camouflage
1, gelatinous body 1
a: no special abilities


You were on level 2 of the Dungeon.
You were not hungry.

You visited 1 branch of the dungeon, and saw 2 of its levels.

You collected 75 gold pieces.

Inventory:

Hand Weapons
 a - a +2 dagger (weapon)
 b - a +0 blowgun
Missiles
 c - 8 poisoned needles
 d - 2 curare-tipped needles
 l - 36 bolts
Scrolls
 g - 2 scrolls of enchant armour {unknown}
 h - 2 scrolls of remove curse {unknown}
 m - a scroll of immolation {unknown}
 n - a scroll of teleportation {unknown}
 o - 3 scrolls of blinking {unknown}
 p - a scroll of identify {unknown}
Potions
 e - a potion of curing {unknown}
 i - a potion of heal wounds {unknown}
 j - a potion of brilliance {unknown}
 k - a potion of haste
Comestibles
 f - 4 rations


   Skills:
 + Level 2.7 Fighting
 + Level 2.7 Short Blades
 + Level 2.8 Throwing
 + Level 2.1 Dodging
 + Level 6.1 Stealth


You had 3 spell levels left.
You didn't know any spells.
Your spell library was empty.

Dungeon Overview and Level Annotations

Branches:
Dungeon (2/15)

Altars:
Elyvilon
Vehumet
Xom
The Shining One

Annotations:
D:2 Terence


Innate Abilities, Weirdness & Mutations

You cannot wear most types of armour.
You are very stealthy in the water. (Stealth+)
You are amphibious.
You can wear up to eight rings at the same time.
You can use your tentacles to constrict eight enemies at once.
Your skin changes colour to match your surroundings (Stealth+).
Your rubbery body absorbs attacks. (AC +1, EV +1)


Message History

a cursed -1 club; a hobgoblin corpse A goblin comes into view.
It is wielding a +0 dagger.
The goblin shouts!
A gnoll zombie comes into view.
Terence the Incautious comes into view.
He is wielding a +0 short sword, wearing a +1 ring mail of poison resistance and carrying a wand of flame (18).
Terence zaps a wand.
The puff of flame hits you!
You hit the goblin. Your grab misses the goblin.
The goblin is heavily wounded.
The goblin barely misses you.
You hit the goblin.
You kill the goblin!
You see here a +0 dagger.
Terence drinks a potion.
Terence seems to speed up.
Terence zaps a wand.
The puff of flame hits you!
* * * LOW HITPOINT WARNING * * *
Terence zaps a wand.
The puff of flame hits you!
You die...

##########.# #.#.........(.#
...........# #.#...........#
...###############'#############
...# #..).......# ### ...#
#..........# #.. ...#
#..........# #.# ...#
#.....########## ### ...#
#...†.# ...Z. ...#
#...@.####...... ...#
#.....)...@..... ...#
#.....####...... ...# #.....#
..... ...# #.....# #### ####
######. # .# # .# # ..


You could see Terence.

Vanquished Creatures
  4 adders (D:2)
  An ooze (D:2)
  A worm (D:2)
  2 dart slugs (D:1)
  A leopard gecko (D:2)
  An orc (D:2)
  7 bats
  4 giant cockroaches
  5 goblins
  5 hobgoblins
  7 jackals (D:1)
  8 kobolds
  8 frilled lizards
  8 rats
62 creatures vanquished.

Notes
Turn   | Place    | Note
-------+----------+-------------------------------------------
     0 | D:1      | Elpenore the Octopode Assassin began the quest for the Orb.
     0 | D:1      | Reached XP level 1. HP: 14/14 MP: 1/1
   308 | D:1      | Reached XP level 2. HP: 16/19 MP: 2/2
   698 | D:1      | Reached XP level 3. HP: 24/24 MP: 3/3
  1757 | D:2      | Reached XP level 4. HP: 30/30 MP: 4/4
  1884 | D:2      | Found a shimmering altar of Xom.
  1884 | D:2      | Found a white marble altar of Elyvilon.
  1884 | D:2      | Found a glowing golden altar of the Shining One.
  2321 | D:2      | Found a radiant altar of Vehumet.
  2374 | D:2      | Reached skill level 6 in Stealth
  2530 | D:2      | Reached skill level 2 in Dodging
  2638 | D:2      | Noticed Terence
  2645 | D:2      | Killed from afar by Terence

Skill      XL: |  1  2  3  4 |
---------------+-------------+-----
Stealth        | 6 |  6.1
Dodging        | 2 |  2.1
Fighting       | |  2.7
Short Blades   | |  2.7
Throwing       | |  2.8

Action                   |  1- 3 |  4- 6 || total
-------------------------+-------+-------++-------
Melee: Dagger            |    91 |    32 ||   123
       Constrict         |    19 |     5 ||    24
       Tentacles         |    11 |     1 ||    12
 Fire: Blowgun           |     1 |       ||     1
 Stab: Sleeping          |    14 |     9 ||    23
       Distracted        |     1 |       ||     1
  Eat: Chunk             |     2 |     3 ||     5
Armor: Skin              |     6 |     2 ||     8
Dodge: Dodged            |    43 |     8 ||    51
